[Event "*** Qualifier 4: Titled Tuesday 3|2 Blitz"]
[Site "Chess.com"]
[Date "2017.04.25"]
[Round "5"]
[White "geeeeri"]
[Black "ehrenfeld"]
[Result "0-1"]
[WhiteElo "2271"]
[BlackElo "2369"]
[TimeControl "180+2"]
[EndTime "14:05:31 PDT"]
[Termination "ehrenfeld won by resignation"]

1. e4 d6 2. d4 g6 3. Nc3 Bg7 4.
Be3 a6 5. f3 b5 6. h4 h5 7. Nh3 Bxh3 8. Rxh3 Nf6 9. Qd2 Nbd7 10.
Bg5 c6 11. Be2 Qc7 12. a3 c5 13. Be3 cxd4 14. Bxd4 Rc8 15. g4 hxg4 16. fxg4 Nc5 17. Bf3 Ne6 18. Be3 Nd7 19. h5 g5 20. Be2 Bxc3 21.
Qxc3 Qxc3+ 22. bxc3 Rxc3 23. Kd2 Rc6 24. a4 bxa4 25. Rxa4 Ndc5 26. Rb4 O-O 27. Rh1 Rfc8 28. Rhb1 Nd7 29. Bd3 Ne5 30. Rb8 Nxg4 31. Rxc8+ Rxc8 32. Bb6 Nf6 33. Ke3 Nxh5 34. Rg1 Nhf4 35. Bd4 Nxd4 36.
Rxg5+ Ng6 37. Kxd4 Kg7 38. Ra5 Ne5 39. Rxa6 Nxd3 40.
cxd3 Rc5 41. Ra7 Kf6 42. Ra1 Ke6 43. Rf1 f5 44. exf5+ Rxf5 45. Re1+ Re5 46. Rc1 Re2 47. Rh1 Kd7 48. Rh7 Kc6 49. Rh6 e5+ 50. Kc4 Re1 51. Rh8 Rc1+ 52. Kb3 Kd5 53. Kb2 Rc6 54. Rh4 Rc7 55. Kb3 Rc6 56. Kb2 Ke6 57. Kb3 Kf5 58. Kb2 d5 59. Kb3 e4 60. Rh3 exd3 61. Rxd3 Ke4 62.
Rd1 d4 63. Re1+ Kd3 64. Re8 Kd2 65. Rd8 d3 66. Re8 Kd1 67. Rd8 d2 68. Kb2 Rb6+ 69.
Kc3 Kc1 70. Ra8 d1=Q 71. Ra1+ Rb1 0-1

[Event "*** Qualifier 4: Titled Tuesday 3|2 Blitz"]
[Site "Chess.com"]
[Date "2017.04.25"]
[Round "5"]
[White "pedromartinez91"]
[Black "dhanushbharadwaj"]
[Result "0-1"]
[WhiteElo "2309"]
[BlackElo "2459"]
[TimeControl "180+2"]
[EndTime "14:05:32 PDT"]
[Termination "dhanushbharadwaj won on time"]

1. Nf3 Nf6 2. g3 g6 3. Bg2 Bg7 4. O-O O-O 5. d4 d6 6. c4 Nbd7 7. Nc3 e5 8. Qc2 c6 9. Rd1 Qc7 10. h3 Re8 11. dxe5 dxe5 12. e4 Nc5 13. Be3 Ne6 14.
c5 Bd7 15. b4 Rad8 16. Rd3 Bc8 17. Rad1 h6 18. Rd6 Bf8 19. R6d2 Bg7 20. Rd6 Bf8 21.
R6d2 Rxd2 22. Qxd2 Rd8 23. Qc1 Rxd1+ 24. Qxd1 a5 25.
a3 axb4 26. axb4 Bg7 27. Qd2 g5 28. h4 Ng4 29. hxg5 Nxe3 30. Qxe3 hxg5 31. Nxg5 Qd8 32. Nxe6 Bxe6 33. Bf1 Bf6 34. Qd3 Qa8 35. Qf3 Bg5 36.
b5 Qa1 37. Kg2 Bd2 38. bxc6 bxc6 39. Nd1 Bb4 40. Ne3 Bxc5 41. Ng4 Bd4 42. Nf6+ Kf8 43. Qh5 Ke7 44. Qg5 Kd6 45. Ng8 Bh3+ 46. Kxh3 Qxf1+ 47. Kh4 Qh1+ 48. Kg4 Qxe4+ 49. Kh5 Qh7+ 50. Kg4 Qg6 51. Qxg6+ fxg6 52. Nf6 Ke6 53. Ne4 c5 54.
Kf3 c4 55. Ke2 Kd5 56. f3 Bb6 57. Kd2 Kd4 58. Kc2 Ke3 59. Ng5 Bd4 60. f4 exf4 61. gxf4 Kxf4 62. Ne6+ Ke5 63. Nf8 g5 64.
Ng6+ Ke4 65. Ne7 g4 66. Nc6 g3 67. Nxd4 Kxd4 0-1

[Event "*** Qualifier 4: Titled Tuesday 3|2 Blitz"]
[Site "Chess.com"]
[Date "2017.04.25"]
[Round "5"]
[White "LonesomeGeorge1"]
[Black "Winehouse83"]
[Result "1-0"]
[WhiteElo "2227"]
[BlackElo "2262"]
[TimeControl "180+2"]
[EndTime "14:05:32 PDT"]
[Termination "LonesomeGeorge1 won by resignation"]

1. d4 Nf6 2. Bf4 c5 3. e3 d5 4. c3 Nc6 5. Nd2 cxd4 6. exd4 Bf5 7.
Qb3 Qc8 8. Ngf3 e6 9. h3 Be7 10. Nh4 Be4 11. Nxe4 Nxe4 12. Nf3 O-O 13. Bd3 Bd6 14.
Bxd6 Nxd6 15. O-O g6 16. Rfe1 Rb8 17. h4 b5 18. a3 a5 19. h5 Qd8 20. Qd1 b4 21. axb4 axb4 22. Qd2 bxc3 23. bxc3 Qf6 24. Ra6 Rfc8 25. Ne5 Ne4 26. Bxe4 Nxe5 27. dxe5 Qxe5 28. Bxg6 Qxc3 29. Qxc3 Rxc3 30. Bb1 Kg7 31. Ra7 Rcb3 32. Bc2 Rb2 33. Ba4 Ra2 34. Ra6 Rb4 35. Bb5 Rab2 36. Bf1 Rh4 37. Ra7 Kf6 38. Rc1 Rf4 39. Rcc7 Kg5 40.
Rxf7 Rbxf2 41. Rxf4 Rxf4 42. Rxh7 e5 43. Rd7 d4 44.
Rd5 Kf6 45. h6 Rh4 46. Rd6+ Kg5 47. Kf2 Rf4+ 48. Ke2 Rf8 49. Re6 d3+ 50. Kxd3 Rxf1 51. Ke4 Re1+ 52. Kd5 Rh1 53. Kxe5 Re1+ 54. Kd6 Rg1 55.
Ke7 Rxg2 56. Kf7 Kf5 57. Rf6+ Ke5 58. Rg6 Rf2+ 59. Kg7 Ra2 60. h7 Ra7+ 61. Kh6 Ra8 62. Rg8 Ra6+ 63. Kh5 Ra1 64. h8=Q+ 1-0

[Event "*** Qualifier 4: Titled Tuesday 3|2 Blitz"]
[Site "Chess.com"]
[Date "2017.04.25"]
[Round "5"]
[White "rithwik2002"]
[Black "Shivagami"]
[Result "0-1"]
[WhiteElo "1796"]
[BlackElo "1955"]
[TimeControl "180+2"]
[EndTime "14:05:51 PDT"]
[Termination "Shivagami won by resignation"]

1. d4 Nf6 2. c4 g6 3. f3 d5 4.
cxd5 Nxd5 5. e4 Nb6 6. Nc3 Bg7 7. Be3 e5 8. dxe5 Bxe5 9. Qxd8+ Kxd8 10. O-O-O+ Ke8 11. Nb5 a6 12. Bd4 Bf4+ 13. Kb1 Rg8 14. Ne2 axb5 15. Nxf4 N8d7 16. Bxb5 c6 17. Be2 Ra5 18.
Bc3 Ra4 19. b3 Ra8 20. Nd3 f6 21. f4 Kf7 22. Nb2 Re8 23. Nc4 Nxc4 24. Bxc4+ Kf8 25. Rhe1 Nb6 26. Bb4+ Kg7 27. Bf1 Bg4 28. Rd2 Nd5 29.
Bd6 Nc3+ 30. Ka1 Nxe4 31. Rdd1 Nxd6 32. Rxe8 Nxe8 33. Rd2 Nc7 34. h3 Be6 35. Bc4 Nd5 36.
Rf2 b5 37. Bf1 Ne3 38. Bd3 Rd8 39. Bb1 Nd5 40. g4 f5 41. Re2 Kf7 42. gxf5 Bxf5 43.
Bxf5 gxf5 44. Re5 Kf6 45. a4 Nxf4 46. axb5 cxb5 47. Rxb5 Rd1+ 48. Kb2 Nxh3 49. Rb6+ Kg5 50. b4 f4 51. Rb7 h5 52. Rg7+ Kf5 53. b5 Rd5 54.
Kc3 Rxb5 55. Rh7 Kg4 56. Rg7+ Rg5 57. Rxg5+ Kxg5 58. Kd2 Kg4 59. Ke2 Kg3 60. Kf1 f3 61.
Ke1 Kg2 62. Kd2 f2 0-1

[Event "*** Qualifier 4: Titled Tuesday 3|2 Blitz"]
[Site "Chess.com"]
[Date "2017.04.25"]
[Round "5"]
[White "Rikikits"]
[Black "underdogchss"]
[Result "1/2-1/2"]
[WhiteElo "2601"]
[BlackElo "2394"]
[TimeControl "180+2"]
[EndTime "14:05:53 PDT"]
[Termination "Game drawn - insufficient material"]

1. e4 e5 2. Nf3 Nc6 3. Bb5 a6 4.
Ba4 Nf6 5. O-O Be7 6. d3 b5 7. Bb3 d6 8. a3 O-O 9. Nc3 Nb8 10. Ne2 c5 11. c3 Nc6 12. Ng3 Qc7 13. h3 Be6 14. Bc2 Rac8 15. Ng5 Bd7 16. f4 h6 17.
Nf3 exf4 18. Bxf4 Ne5 19. Rc1 Rfe8 20. Qd2 Ng6 21. Be3 d5 22. e5 Nxe5 23. Nxe5 Qxe5 24. Bf4 Qe6 25. Rce1 Qb6 26. Be5 Bd8 27. d4 cxd4 28. Bxd4 Qd6 29. Nf5 Bxf5 30. Rxe8+ Nxe8 31. Bxf5 Rb8 32. Re1 Bb6 33. Qf2 Bxd4 34. Qxd4 Nf6 35. Re5 Re8 36.
Rxe8+ Nxe8 37. Bd3 g6 38. a4 Nc7 39. a5 Ne6 40.
Qb6 Qg3 41. Bf1 Nf4 42. Kh1 Kg7 43. Qd4+ Kg8 44. Qd1 h5 45. Qf3 Qxf3 46. gxf3 Ne6 47. Kg2 Kf8 48. Kf2 Ke7 49. Ke3 Kd6 50. f4 Kc5 51. b4+ Kd6 52. h4 Kc6 53. Bh3 Kd6 54. f5 Ng7 55. fxg6 fxg6 56. Bc8 Nf5+ 57. Kf4 Nxh4 58.
Bxa6 Kc6 59. Bc8 g5+ 60. Kxg5 Nf3+ 61. Kxh5 d4 62. cxd4 Nxd4 63. Kg5 Nc2 64. a6 Kb6 65. Bd7 Nxb4 66. Bxb5 Nxa6 67. Bxa6 1/2-1/2

[Event "*** Qualifier 4: Titled Tuesday 3|2 Blitz"]
[Site "Chess.com"]
[Date "2017.04.25"]
[Round "5"]
[White "pastouche06"]
[Black "popov_m"]
[Result "1-0"]
[WhiteElo "2334"]
[BlackElo "2400"]
[TimeControl "180+2"]
[EndTime "14:06:12 PDT"]
[Termination "pastouche06 won by resignation"]

1. c4 Nf6 2. Nc3 g6 3. d4 Bg7 4. e4 d6 5. f3 O-O 6. Nge2 Nc6 7. Be3 a6 8. Qd2 Na5 9. Nc1 Nd7 10. Nb3 c5 11. dxc5 Nxb3 12. axb3 Nxc5 13. Ra3 Rb8 14. Be2 b5 15. cxb5 axb5 16. b4 Ne6 17. O-O Bd7 18. Ra7 Bc6 19. Rfa1 f5 20. exf5 Rxf5 21. f4 Qf8 22.
Bg4 Re8 23. R1a6 Bxc3 24. bxc3 Be4 25. Bxf5 Qxf5 26. Ra1 d5 27. Ra8 Rxa8 28. Rxa8+ Kg7 29. Bd4+ Kf7 30. Be5 Qg4 31. Ra1 h5 32. Qf2 h4 33.
h3 Qh5 34. Re1 Nf8 35. Qe2 Qxe2 36. Rxe2 Nd7 37. Bd4 Ke6 38. Kf2 Kf5 39. Ke3 Nf8 40.
Ra2 Ne6 41. Be5 g5 42. Rf2 g4 43. hxg4+ Kxg4 44. Ra2 Kf5 45. Ra5 Bxg2 46. Rxb5 h3 47. Kf2 Kg4 48. Rb6 Kf5 49. b5 Be4 50. Kg3 Bg2 51.
Ra6 Nc5 52. Ra1 Ne4+ 53. Kh2 Nd2 54. b6 Kg4 55. Kg1 Kg3 56. f5+ Kg4 57. Kf2 Ne4+ 58. Ke3 Nc5 59. Kd4 Nd7 60. b7 Kxf5 61. b8=Q Nxb8 62.
Bxb8 Kg4 63. Re1 Be4 64. Rxe4+ dxe4 65. Kxe4 Kg5 66. Be5 Kg6 67. c4 Kf7 68. Kd5 Ke8 69. Kc6 Kd8 70. Kb7 1-0

[Event "*** Qualifier 4: Titled Tuesday 3|2 Blitz"]
[Site "Chess.com"]
[Date "2017.04.25"]
[Round "5"]
[White "Gabrielian_Artur"]
[Black "Gabix_94"]
[Result "1/2-1/2"]
[WhiteElo "2573"]
[BlackElo "2439"]
[TimeControl "180+2"]
[EndTime "14:06:14 PDT"]
[Termination "Game drawn - insufficient material"]

1. d4 Nf6 2. c4 c5 3. d5 e6 4. Nc3 exd5 5. cxd5 d6 6. Nf3 g6 7.
Bf4 Bg7 8. e3 O-O 9. h3 Na6 10.
Bc4 Rb8 11. O-O Nc7 12. a4 b6 13. Qd3 a6 14. Bh2 Qd7 15. Qc2 b5 16. axb5 axb5 17.
Ba2 Na6 18. e4 Nb4 19. Qd2 Nxa2 20. Rxa2 b4 21. Nd1 Nxe4 22. Qf4 Qf5 23. Qxf5 Bxf5 24.
g4 Bd7 25. Re1 Rfe8 26. Ra7 Bb5 27. Kg2 h6 28. Bf4 g5 29. Bh2 Bc4 30. Ne3 Bb3 31. h4 Bxb2 32. Rb1 Ra8 33. Rxa8 Rxa8 34. Rxb2 Ra3 35.
hxg5 hxg5 36. Nf5 c4 37. N3d4 Ra2 38. Rxa2 Bxa2 39. Nxd6 Nf6 40. Nc6 Nxd5 41. Be5 f6 42. Bd4 c3 43. Kf1 b3 44. Nc4 b2 45. Nxb2 c2 46. Nd3 Bc4 47. Bb2 Bxd3+ 48. Ke1 Kf7 49. Kd2 Be4 50. Nd4 Nb4 51. f3 Bh7 52. Ba3 Nd3 53. Nxc2 Ne5 54. Bb2 Nxf3+ 55. Kd1 Nh2 56. Ne3 Be4 57. Ke1 Ke6 58. Kf2 Nf3 59. Kg3 Nd2 60.
Bd4 Bg6 61. Ba7 Ne4+ 62. Kf3 Nc3 63. Bb8 Be4+ 64. Kf2 Bb7 65. Ba7 Ne4+ 66. Ke2 Ke5 67. Bb8+ Kd4 68. Nf5+ Kd5 69. Ke3 Nc5 70. Ba7 Na4 71. Bd4 Ke6 72. Ng7+ Kf7 73. Nh5 Bc8 74. Nxf6 Nc5 75. Bxc5 Kxf6 76. Kf3 Bxg4+ 77. Kxg4 Kg6 78. Be3 Kh6 79. Bxg5+ 1/2-1/2

[Event "*** Qualifier 4: Titled Tuesday 3|2 Blitz"]
[Site "Chess.com"]
[Date "2017.04.25"]
[Round "5"]
[White "Makalexa"]
[Black "TregubovP"]
[Result "1/2-1/2"]
[WhiteElo "2186"]
[BlackElo "2188"]
[TimeControl "180+2"]
[EndTime "14:06:31 PDT"]
[Termination "Game drawn - insufficient material"]

1. e4 c5 2. Nf3 e6 3. d4 cxd4 4.
Nxd4 Nc6 5. Nxc6 bxc6 6. Bd3 d5 7. Nd2 Nf6 8. O-O Be7 9. Qe2 O-O 10. c3 a5 11. e5 Nd7 12. Re1 Nc5 13. Bc2 Ba6 14. Qh5 g6 15. Qh3 Nd7 16. Nf3 Qc7 17. Ng5 Bxg5 18. Bxg5 Rfb8 19. Qh6 Qc8 20. Re3 Qf8 21. Qh4 Rxb2 22. Rh3 h5 23. Bd1 Be2 24. Bc1 Bxd1 25. Bxb2 Bg4 26. Re3 c5 27. h3 Bf5 28. Rd1 Rb8 29.
Bc1 Rb1 30. Ree1 c4 31. Qd4 Qc5 32. Qxc5 Nxc5 33. Be3 Rxd1 34. Rxd1 Na4 35. Bd4 Kf8 36. Rd2 Ke7 37. f3 h4 38. Kf2 g5 39. Ke1 Bd3 40.
Kd1 Kf8 41. Kc1 Kg7 42. Rf2 Kg6 43. f4 Bf5 44. fxg5 Kxg5 45. Be3+ Kg6 46. Bd4 Kg5 47. Rf3 Bg6 48. Be3+ Kh5 49. Bd4 Kg5 50. g3 hxg3 51.
Rxg3+ Kf4 52. Rg4+ Kf3 53. Rh4 Kg3 54. Rh8 Kf4 55. Ra8 f6 56. exf6 e5 57. Bxe5+ Kxe5 58. Rxa5 Nxc3 59. Ra7 Kxf6 60. Kd2 d4 61. Ra6+ Kf5 62.
h4 Ne4+ 63. Kc1 d3 64. Ra5+ Kf4 65. h5 Bf5 66. h6 d2+ 67. Kc2 Bg4 68. Rd5 d1=Q+ 69. Rxd1 Bxd1+ 70. Kxd1 Nf6 71. Kc2 Ke4 72. Kc3 Kd5 73. a4 Kc5 74. a5 Nd5+ 75. Kc2 Nf6 76. a6 Kb6 77. Kc3 Kxa6 78. Kxc4 Kb6 79. Kd4 Kc6 80. Ke5 Ng4+ 81. Kf5 Nxh6+ 1/2-1/2

[Event "*** Qualifier 4: Titled Tuesday 3|2 Blitz"]
[Site "Chess.com"]
[Date "2017.04.25"]
[Round "5"]
[White "wnstop"]
[Black "Astaneh"]
[Result "0-1"]
[WhiteElo "2462"]
[BlackElo "2465"]
[TimeControl "180+2"]
[EndTime "14:07:23 PDT"]
[Termination "Astaneh won by resignation"]

1. e4 c6 2. d4 d5 3. Nc3 dxe4 4.
Nxe4 Bf5 5. Ng3 Bg6 6. Nh3 Nf6 7. Bc4 e6 8. O-O Bd6 9. Nf4 Qc7 10. Nxg6 hxg6 11.
Bg5 Nbd7 12. Qf3 O-O-O 13. Bb3 c5 14. dxc5 Nxc5 15. Bxf6 gxf6 16. Qxf6 Be5 17. Qf3 Bxb2 18. Rab1 Bd4 19. Bc4 Rh4 20. Be2 Rdh8 21. h3 Rf4 22. Qa3 Kb8 23. Bf3 g5 24. Ne2 Rfh4 25. Nxd4 Rxd4 26.
Rxb7+ Nxb7 27. Rb1 Rd5 28. c4 g4 29. Bxg4 Qxc4 30. Qb2 Qc8 31. Bf3 Rd7 32. Qe5+ Ka8 33. a4 f6 34. Qb5 Rhd8 35. a5 Rd5 36. Qb4 a6 37. Qb6 R8d6 38. Qb4 Qc7 39. Qa4 Ka7 40. Qe8 Nxa5 41. h4 Rb5 42. Re1 Nb7 43. h5 Rd8 44.
Qxe6 Re5 45. Rxe5 Qxe5 46. Qc6 Na5 47. Qc2 Qa1+ 48. Kh2 Qe5+ 49. Kg1 Rd4 50. Qh7+ Kb6 51.
Qb1+ Kc5 52. Qc1+ Nc4 53. h6 Rh4 54. g3 Rd4 55. Kg2 f5 56. h7 Qg7 57. Qh1 Rd8 58. Qh5 Rh8 59. Qxf5+ Qe5 60. Qg6 a5 61. Qc6+ Kb4 62. Be4 a4 63. Qb7+ Kc3 64. f4 Qd4 65.
Qb1 Qd2+ 66. Kf3 Kd4 67. Kg4 Qc3 68. Kg5 a3 69. Kg6 Qb2 70. Qd3+ Kc5 71. Qd5+ Kb4 72.
Bd3 Qb3 73. Qd4 Qc3 74. Qd5 a2 75.
Qb7+ Ka3 76. Qa6+ Kb2 77. Bxc4 a1=Q 78. Qb5+ Kc1 79. Kg5 Qg7+ 80. Kf5 Qxh7+ 81. Kg4 Qh3+ 82. Kg5 0-1

[Event "*** Qualifier 4: Titled Tuesday 3|2 Blitz"]
[Site "Chess.com"]
[Date "2017.04.25"]
[Round "5"]
[White "Lawliet64"]
[Black "FearlessKing64"]
[Result "1-0"]
[WhiteElo "1652"]
[BlackElo "2078"]
[TimeControl "180+2"]
[EndTime "14:07:24 PDT"]
[Termination "Lawliet64 won by resignation"]

1. e4 c5 2. Nc3 d6 3. Bc4 Nf6 4.
d3 e6 5. f4 d5 6. Bb3 c4 7.
dxc4 dxe4 8. Qxd8+ Kxd8 9. Nge2 Bb4 10. Be3 Nc6 11. O-O-O+ Bd7 12. Nb5 Ng4 13. Bg1 e3 14. h3 Bd2+ 15. Kb1 Nf6 16. Nd6 Ke7 17. Nxb7 Ne4 18.
c5 Rab8 19. Nd6 Nxd6 20. cxd6+ Kf6 21. g4 Na5 22. h4 g6 23. Rh3 Bb5 24. Nd4 Nxb3 25.
axb3 Rhd8 26. Bxe3 Bxe3 27. Rxe3 Rxd6 28. c4 Rbd8 29.
Red3 Bc6 30. g5+ Kg7 31. Nf5+ gxf5 32. Rxd6 Be4+ 33. Ka2 Rb8 34. Ra6 Bc2 35. Rd7 Bxb3+ 36. Ka3 Bxc4 37. Raxa7 e5 38. fxe5 Rb3+ 39. Ka4 Rxb2 40.
h5 f4 41. Rd4 Be6 42. Rc7 f3 43. Rf4 f2 44. Rf6 Ra2+ 45. Kb4 Rb2+ 46. Kc3 Re2 47. Kd4 Rd2+ 48. Ke3 Ra2 49. h6+ Kf8 50. Rxf2 Ra3+ 51.
Kd4 Ra4+ 52. Kc5 Rg4 53. Rb2 Rc4+ 54. Kd6 Rxc7 55. Kxc7 Ke7 56. Rb8 Bf5 57. Rb6 Bd7 58. Rf6 Be6 59. Kc6 Bc4 60. Kc5 Be6 61. Kc6 Bd7+ 62.
Kc7 Be6 63. Rf4 Bd5 64. Rf6 Be6 65. g6 fxg6 66. Rxg6 Bf5 67. Rf6 Be4 68. Kb6 Bd3 69. Kc5 Bc2 70. Kd4 Bb1 71. Ke3 Bc2 72. Kf4 Bd3 73.
Rb6 Bc2 74. Rc6 Bd3 75. Rd6 Bc2 76. Kg5 Bb1 77. Rd1 Bc2 78. Rc1 Bd3 79. Rc3 Bb1 80. Rc6 Be4 81. Rd6 Bc2 82. Kf4 Bb1 83. Rf6 Bc2 84. Ke3 Bb1 85. Kd2 Be4 86. Rf4 Bg6 87. Rf6 Bb1 88. Kc3 Be4 89. Kd4 Bb1 90. Kd5 Ba2+ 91.
Kc5 Bb1 92. Rb6 Bc2 93. Kd5 Bf5 94. Rb7+ Ke8 95. Kd6 1-0

[Event "*** Qualifier 4: Titled Tuesday 3|2 Blitz"]
[Site "Chess.com"]
[Date "2017.04.25"]
[Round "6"]
[White "ruvat"]
[Black "cailinchetty"]
[Result "1-0"]
[WhiteElo "2228"]
[BlackElo "1939"]
[TimeControl "180+2"]
[EndTime "14:09:36 PDT"]
[Termination "ruvat won by resignation"]

1. d4 Nf6 2. c4 g6 3. Nf3 Bg7 4.
g3 d6 5. Bg2 O-O 6. O-O c6 7.
Nc3 Nbd7 8. e4 e5 9. h3 exd4 10. Nxd4 Nc5 11. Qc2 Re8 12. Be3 Qe7 13. Rfe1 Nfxe4 14. Nxe4 Nxe4 15. Bxe4 Qxe4 16. Bd2 Bxd4 1-0

[Event "*** Qualifier 4: Titled Tuesday 3|2 Blitz"]
[Site "Chess.com"]
[Date "2017.04.25"]
[Round "6"]
[White "GMBenjaminBok"]
[Black "dhanushbharadwaj"]
[Result "1-0"]
[WhiteElo "2630"]
[BlackElo "2455"]
[TimeControl "180+2"]
[EndTime "14:11:16 PDT"]
[Termination "GMBenjaminBok won by resignation"]

1. Nf3 Nf6 2. g3 g6 3. Bg2 Bg7 4.
c4 O-O 5. Nc3 d6 6. d4 Nbd7 7. O-O e5 8. e4 c6 9. Be3 Ng4 10. Bg5 Qb6 11. h3 Ngf6 12. b3 exd4 13. Nxd4 Nxe4 14. Nxe4 Qxd4 15. Qxd4 Bxd4 16. Rad1 c5 17.
Nxd6 f6 18. Bh6 Rd8 19. Bd5+ 1-0

[Event "*** Qualifier 4: Titled Tuesday 3|2 Blitz"]
[Site "Chess.com"]
[Date "2017.04.25"]
[Round "6"]
[White "BogdanDeac"]
[Black "MasterLeif"]
[Result "1-0"]
[WhiteElo "2556"]
[BlackElo "2303"]
[TimeControl "180+2"]
[EndTime "14:11:25 PDT"]
[Termination "BogdanDeac won by resignation"]

1. d4 d5 2. Bf4 Bg4 3. h3 Bh5 4.
g4 Bg6 5. Bg2 e6 6. e3 Bd6 7.
Ne2 Nf6 8. Nd2 Nc6 9. c3 e5 10. Bg3 O-O 11. O-O h6 12. f4 exf4 13. exf4 Bd3 14.
Rf3 Bxe2 15. Qxe2 Re8 16. Qf1 Qd7 17. Re1 Rxe1 18. Qxe1 Re8 19. Re3 Rxe3 20. Qxe3 Qe7 21. Kf2 Qxe3+ 22. Kxe3 Ne7 23. Bf1 c6 24. Bd3 g5 25.
fxg5 Bxg3 26. gxf6 Nc8 27. Nf3 Bh4 28. Nxh4 1-0

[Event "*** Qualifier 4: Titled Tuesday 3|2 Blitz"]
[Site "Chess.com"]
[Date "2017.04.25"]
[Round "6"]
[White "indfraeng"]
[Black "Lawliet64"]
[Result "1-0"]
[WhiteElo "1789"]
[BlackElo "1601"]
[TimeControl "180+2"]
[EndTime "14:11:33 PDT"]
[Termination "indfraeng won by resignation"]

1. d4 Nf6 2. c4 c5 3. d5 e6 4. Nc3 exd5 5. cxd5 d6 6. e4 g6 7. Nge2 Bg7 8. Ng3 O-O 9. Be2 a6 10. a4 Nbd7 11. O-O Ne5 12. f4 Neg4 13. h3 Nh6 14. f5 Nd7 15. Bf4 Ne5 16. f6 Qxf6 17. Bxh6 Qh4 18. Bxg7 Kxg7 19. Qe1 h5 20. Nf5+ 1-0

[Event "*** Qualifier 4: Titled Tuesday 3|2 Blitz"]
[Site "Chess.com"]
[Date "2017.04.25"]
[Round "6"]
[White "jcgs1030"]
[Black "prochn"]
[Result "1-0"]
[WhiteElo "2270"]
[BlackElo "2170"]
[TimeControl "180+2"]
[EndTime "14:11:33 PDT"]
[Termination "jcgs1030 won by resignation"]

1. e4 c6 2. d4 d5 3. e5 Bf5 4. Nf3 e6 5. Be2 Ne7 6. O-O Nd7 7. Nbd2 h6 8. Nb3 Qc7 9. c3 g5 10. Ne1 Bg7 11. g3 O-O-O 12. Ng2 f6 13. f4 fxe5 14. fxe5 Rdf8 15. Bg4 h5 16. Bxh5 Bh3 17.
Rxf8+ Nxf8 18. Bxg5 Nf5 19. Nf4 Nh7 20. Nxh3 Rg8 21.
Bg4 Nxg5 22. Nxg5 Bxe5 23. Nxe6 Qf7 24. dxe5 Qxe6 25. Nd4 1-0

[Event "*** Qualifier 4: Titled Tuesday 3|2 Blitz"]
[Site "Chess.com"]
[Date "2017.04.25"]
[Round "6"]
[White "Gabix_94"]
[Black "DariuszMikrut"]
[Result "1-0"]
[WhiteElo "2446"]
[BlackElo "2396"]
[TimeControl "180+2"]
[EndTime "14:11:39 PDT"]
[Termination "Gabix_94 won by resignation"]

1. e4 c5 2. Nf3 d6 3. d4 cxd4 4.
Qxd4 Nc6 5. Bb5 Bd7 6. Qd3 g6 7.
O-O Bg7 8. c4 Nf6 9. h3 O-O 10.
Nc3 a6 11. Bxc6 Bxc6 12. Be3 Qa5 13. Nd4 Nd7 14. Rac1 Nc5 15. Qb1 Rac8 16. b4 Qa3 17. bxc5 dxc5 18. Nxc6 bxc6 19. Qb3 Qa5 20. Ne2 Rb8 21. Qd1 Rfd8 22. Qe1 Qxa2 23. Ng3 h5 24. Bxc5 h4 25. Nh1 e6 26. Be7 Rd2 27. Bxh4 Rbb2 28.
Bg5 Re2 29. Qd1 Rbd2 30. Bxd2 Rxd2 31. Qf3 1-0

[Event "*** Qualifier 4: Titled Tuesday 3|2 Blitz"]
[Site "Chess.com"]
[Date "2017.04.25"]
[Round "6"]
[White "FearlessKing64"]
[Black "geeeeri"]
[Result "1-0"]
[WhiteElo "2090"]
[BlackElo "2259"]
[TimeControl "180+2"]
[EndTime "14:11:47 PDT"]
[Termination "FearlessKing64 won by resignation"]

1. e4 e6 2. d4 d5 3. Nd2 Nf6 4.
e5 Nfd7 5. f4 c5 6. c3 Nc6 7.
Ndf3 a6 8. a3 b5 9. b3 g6 10.
Bd3 Bb7 11. Ne2 c4 12. Bc2 h5 13. b4 a5 14. Be3 axb4 15. axb4 Bxb4 16. Rxa8 Qxa8 17.
cxb4 Nxb4 18. O-O Nxc2 19. Qxc2 b4 20. Nh4 b3 21. Qb1 Rg8 22. f5 gxf5 23. Nxf5 Nxe5 24. Nd6+ Kd8 25. dxe5 d4 26. Bg5+ Rxg5 27. Nxf7+ 1-0

[Event "*** Qualifier 4: Titled Tuesday 3|2 Blitz"]
[Site "Chess.com"]
[Date "2017.04.25"]
[Round "6"]
[White "AllStarShark"]
[Black "plouarzel"]
[Result "1/2-1/2"]
[WhiteElo "2305"]
[BlackElo "2432"]
[TimeControl "180+2"]
[EndTime "14:11:51 PDT"]
[Termination "Game drawn by agreement"]

1. d4 Nf6 2. Bg5 d5 3. Bxf6 exf6 4. e3 Bd6 5. g3 O-O 6. Bg2 c6 7. Ne2 Qb6 8. b3 f5 9. O-O Nd7 10. c4 dxc4 11. bxc4 Qa6 12. Nd2 Nf6 13. Qc2 Be6 14. Rfc1 Rfe8 15. Nf4 Bb4 16. Nxe6 Rxe6 17. a3 Bxd2 18.
Qxd2 Rd8 19. c5 Ne4 20. Bxe4 fxe4 1/2-1/2

[Event "*** Qualifier 4: Titled Tuesday 3|2 Blitz"]
[Site "Chess.com"]
[Date "2017.04.25"]
[Round "6"]
[White "Mbneu"]
[Black "MorpheusPro"]
[Result "0-1"]
[WhiteElo "2177"]
[BlackElo "2049"]
[TimeControl "180+2"]
[EndTime "14:12:32 PDT"]
[Termination "MorpheusPro won by resignation"]

1. d4 d5 2. c4 c6 3. Nc3 Nf6 4.
Nf3 a6 5. g3 Bf5 6. Bg2 e6 7.
O-O Nbd7 8. Nd2 Bb4 9. a3 Bxc3 10.
bxc3 O-O 11. Re1 e5 12. Qb3 exd4 13. cxd4 b5 14. cxd5 cxd5 15. a4 Rb8 16. axb5 Rxb5 17. Qf3 Be4 18. Nxe4 Nxe4 19. Rxa6 Ndf6 20. Bg5 Nxg5 0-1

[Event "*** Qualifier 4: Titled Tuesday 3|2 Blitz"]
[Site "Chess.com"]
[Date "2017.04.25"]
[Round "6"]
[White "DiogenesSinopeus"]
[Black "chesstatour"]
[Result "1-0"]
[WhiteElo "2261"]
[BlackElo "1901"]
[TimeControl "180+2"]
[EndTime "14:12:45 PDT"]
[Termination "DiogenesSinopeus won by resignation"]

1. d4 Nf6 2. c4 e6 3. Nc3 Bb4 4.
e3 b6 5. Ne2 Bb7 6. a3 Bxc3+ 7.
Nxc3 Ne4 8. Qc2 f5 9. b4 O-O 10. Bb2 c5 11. Bd3 d5 12. dxc5 bxc5 13. O-O-O Qe7 14. f3 Nxc3 15. Qxc3 cxb4 16. axb4 dxc4 17. Bxc4 Nd7 18. Rxd7 1-0

[Event "*** Qualifier 4: Titled Tuesday 3|2 Blitz"]
[Site "Chess.com"]
[Date "2017.04.25"]
[Round "6"]
[White "GM_Huschenbeth"]
[Black "LonesomeGeorge1"]
[Result "1-0"]
[WhiteElo "2342"]
[BlackElo "2221"]
[TimeControl "180+2"]
[EndTime "14:12:52 PDT"]
[Termination "GM_Huschenbeth won by checkmate"]

1. e4 e5 2. Nf3 Nc6 3. Bc4 Be7 4.
d4 d6 5. O-O Nf6 6. Nc3 Bg4 7. d5 Nd4 8. Be2 Nxe2+ 9. Qxe2 O-O 10. h3 Bd7 11. Bg5 Ne8 12. Be3 g6 13. Nd2 f5 14.
exf5 gxf5 15. f4 Bf6 16. Nf3 Kh8 17. fxe5 dxe5 18. Bc5 Nd6 19. Nxe5 Bg7 20. Rae1 Be8 21. Qf2 b6 22. Bd4 Ne4 23. Nxe4 fxe4 24. Qxf8+ Bxf8 25. Ng6+ Kg8 26. Rxf8# 1-0

[Event "*** Qualifier 4: Titled Tuesday 3|2 Blitz"]
[Site "Chess.com"]
[Date "2017.04.25"]
[Round "6"]
[White "kharov2001"]
[Black "djogrodek1"]
[Result "0-1"]
[WhiteElo "1937"]
[BlackElo "2369"]
[TimeControl "180+2"]
[EndTime "14:13:08 PDT"]
[Termination "djogrodek1 won by checkmate"]

1. e4 c6 2. d4 d5 3. exd5 cxd5 4.
c4 Nf6 5. Nc3 Nc6 6. Nf3 e6 7.
c5 Be7 8. Bb5 O-O 9. O-O Ne4 10.
Bf4 Bf6 11. Re1 Nxc3 12. bxc3 Bd7 13. Bxc6 Bxc6 14. Ne5 Bb5 15. Re3 Rc8 16. Rh3 g6 17. Rb1 Ba6 18. Ng4 Bg7 19. Bd6 h5 20. Ne5 b6 21. Bxf8 Qxf8 22. cxb6 axb6 23. Qf3 Bc4 24. g4 Bxe5 25. dxe5 hxg4 26. Qxg4 Bxa2 27. Qh4 Qg7 28. Rxb6 Bc4 29. Rd6 g5 30. Qg3 Ra8 31. Rh5 Ra1+ 32. Kg2 Bf1+ 33. Kf3 f6 34. exf6 Qxf6+ 35. Ke3 Qxc3# 0-1

[Event "*** Qualifier 4: Titled Tuesday 3|2 Blitz"]
[Site "Chess.com"]
[Date "2017.04.25"]
[Round "6"]
[White "RobertoJBM"]
[Black "Noukii"]
[Result "0-1"]
[WhiteElo "2454"]
[BlackElo "2629"]
[TimeControl "180+2"]
[EndTime "14:13:20 PDT"]
[Termination "Noukii won by resignation"]

1. d4 d5 2. c4 c6 3. Nf3 Nf6 4.
Nc3 a6 5. e3 Bf5 6. Bd3 Bg6 7.
O-O e6 8. Qe2 Bb4 9. Bd2 a5 10.
Ne5 Nbd7 11. Nxg6 hxg6 12. g3 O-O 13. Rad1 Re8 14. a3 Bf8 15. e4 e5 16. dxe5 Nxe5 17. cxd5 cxd5 18. Bb5 Re6 19. Bg5 d4 20. Nd5 Nc6 21. Bxf6 gxf6 22. Nf4 Re5 23. Bc4 Kg7 24. Nd3 Re8 25. f4 f5 26. e5 a4 27. Qf3 Qb6 28. Rf2 Na5 29. Ba2 Nb3 30. Bxb3 axb3 31. g4 Qe6 32. gxf5 Qxf5 33. Qxb7 Qg4+ 0-1